 Dungeon Crawl Stone Soup version 0.29-a0-384-g6960b1960d (webtiles) character file.

Game seed: 3062845088322702904

29 zeratav the Changer (level 3, -1/23 HPs)
             Began as an Octopode Transmuter on May 7, 2022.
             Succumbed to an adder's poison
             ... on level 2 of the Dungeon.
             The game lasted 00:01:33 (1204 turns).

zeratav the Changer (Octopode Transmuter)           Turns: 1204, Time: 00:01:34

Health: -1/23      AC:  1    Str:  9    XL:     3   Next: 16%
Magic:  6/6        EV: 13    Int: 17    God:
Gold:   39         SH:  0    Dex: 12    Spells: 5/6 levels left

rFire   + . .      SeeInvis .   b - +2 dagger (venom) {short}
rCold   . . .      Faith    .   (no shield)
rNeg    . . .      Spirit   .   (helmet restricted)
rPois   .          Reflect  .   (no amulet)
rElec   .          Harm     .   (no ring)
rCorr   .          Rampage  .   (no ring)
Will    .....                   (no ring)
Stlth   ++........              (no ring)
HPRegen 0.07/turn               (no ring)
MPRegen 0.10/turn               (no ring)
                                (no ring)
                                (no ring)

@: lethally poisoned (-1 -> -9)
A: almost no armour, amphibious, 8 rings, camouflage 1, gelatinous body 1,
(nimble swimmer 1), tentacles, antennae 1, fire resistance 1
a: no special abilities


You were on level 2 of the Dungeon.
You visited 1 branch of the dungeon, and saw 2 of its levels.

You collected 39 gold pieces.


Innate Abilities, Weirdness & Mutations

You cannot wear most types of armour.
You are amphibious.
You can wear up to eight rings at the same time.
Your skin changes colour to match your surroundings (Stealth+).
Your rubbery body absorbs attacks. (AC +1, EV +1)
((You are camouflaged when in or above water. (Stealth+)))
You have tentacles for arms and can constrict up to eight enemies at once.
You have a pair of small antennae on your head.
Your flesh is heat resistant. (rF+)


   Skills:
 - Level 1.0 Fighting
 - Level 2.0 Dodging
 - Level 3.0 Unarmed Combat
 - Level 2.0 Spellcasting
 + Level 3.3 Transmutations
 + Level 0.7 Ice Magic


You had 5 spell levels left.
You knew the following spells:

 Your Spells              Type           Power      Damage    Failure   Level
a - Beastly Appendage     Tmut           26%        N/A       4%          1

Your spell library contained the following spells:

 Spells                   Type           Power      Damage    Failure   Level
 Wereblood                Tmut           13%        N/A       8%          2
 Freeze                   Ice            16%        1d4       14%         1
 Spider Form              Tmut/Pois      7%         N/A       28%         3
 Frozen Ramparts          Ice            8%         1d2       41%         3
 Ozocubu's Armour         Ice            4%         N/A       41%         3
 Ice Form                 Ice/Tmut       8%         N/A       63%         4
 Hailstorm                Conj/Ice       2%         3d3       86%         4
 Ozocubu's Refrigeration  Ice            2%         4d5       100%        7

Inventory:

Hand Weapons
 b - a +2 dagger of venom (weapon) {short}
   (You took it off a goblin on level 1 of the Dungeon)
Jewellery
 f - an amulet of guardian spirit
   (You found it on level 1 of the Dungeon)
Scrolls
 c - a scroll of identify {unknown}
 d - 2 scrolls of enchant weapon {unknown}
Potions
 a - a potion of lignification {!q}

Dungeon Overview and Level Annotations

Branches:
Dungeon (2/15)

Altars:

#. ... #. ##w# #.
#..### #
#.##.[..#.#
P..#####).w.$..#
.......w#†.!.##.#
.######.###..#
#Sb.#.##
#@#......
#.##...##
#.##.#.# ..##.#.#
####. .# #. .#


You could see an adder (very poisoned), a dart slug and a bat.


Message History

No target in view!
No target in view!
No target in view!
No target in view!
No target in view!
No target in view!
No target in view!
No target in view!
No target in view!
No target in view!
No target in view!
No target in view!
You see here a frilled lizard corpse.
You see here a frilled lizard corpse.
You see here a ball python corpse.
There is an open gate here.
Done exploring.
HP[+2]
Your hp is fully restored (23).
Done exploring.
(D) Dungeon
Where to? (? - help)
There is an open gate here.
There is a stone staircase leading down here.
You climb downwards.
There is a stone staircase leading up here.
A kobold is nearby!
A dart slug comes into view.
The helpless kobold fails to defend itself.
You puncture the kobold!
You kill the kobold!
A giant cockroach comes into view.
You see here a +0 dagger {short}.
The helpless giant cockroach fails to defend itself.
You hit the giant cockroach.
The giant cockroach is poisoned.
You grab the giant cockroach. You constrict the giant cockroach.
The dart slug launches a dart at you. The slug dart misses you.
The giant cockroach misses you.
You hit the giant cockroach but do no damage.
You constrict the giant cockroach.
You kill the giant cockroach!
A worm and an adder come into view.
The dart slug launches a dart at you. The slug dart misses you.
A bat comes into view.
The dart slug bites you.
The adder hisses angrily.
You barely miss the adder. Your grab misses the adder.
Your squeeze misses the adder. The adder bites you.
You completely miss the adder. You grab the adder. You constrict the adder.
The adder bites you. The dart slug launches a dart at you.
The slug dart hits you. The adder bites you.
HP[-10]
You take 10 damage, and now have 13/23 hp.
MASSIVE DAMAGE!! (PAUSE)
You are too injured to fight recklessly!
You are too injured to fight recklessly!
You are too injured to fight recklessly!
You are too injured to fight recklessly!
You are too injured to fight recklessly!
You are too injured to fight recklessly!
You are too injured to fight recklessly!
You are too injured to fight recklessly!
You release your grip on the adder.
The dart slug launches a dart at you. The slug dart hits you.
* * * LOW HITPOINT WARNING * * *
HP[-3]
You take 3 damage, and now have 10/23 hp.
You see here a giant cockroach corpse.
The adder attacks as you move away! The adder closely misses you.
The bat hits you.
* * * LOW HITPOINT WARNING * * *
You see here a +0 dagger {short}.
HP[-1]
You take 1 damage, and now have 9/23 hp.
The adder misses you.
HP[+1]
The adder attacks as you move away! The adder bites you.
* * * LOW HITPOINT WARNING * * *
HP[-3]
You take 3 damage, and now have 7/23 hp.
The adder attacks as you move away! The adder misses you.
The adder attacks as you move away! The adder bites you.
* * * LOW HITPOINT WARNING * * *
The adder completely misses you.
There is a stone staircase leading up here.
HP[-4]
You take 4 damage, and now have 3/23 hp.
You hit the adder.
The adder is poisoned.
Your grab misses the adder. The bat misses you. The adder bites you.
* * * LOW HITPOINT WARNING * * *
You are lethally poisoned!
The adder poisons you!
HP[-2]
You take 2 damage, and now have 1/23 hp.
It was a potion of mutation.
You feel extremely strange. A pair of antennae grows on your head!
You feel resistant to heat.
You die...

Skill      XL: |  1  2 |
---------------+-------+-----
Transmutations | 3 |  3.3
Fighting       | |  1.0
Dodging        | |  2.0
Unarmed Combat | |  3.0
Spellcasting   | |  2.0
Ice Magic      | |  0.7

Action                   || total
-------------------------++-------
Melee: Unarmed           ||    14
       Constrict         ||    13
       Kick              ||     3
       Dagger            ||    33
       Tentacles         ||     5
       Punch             ||     1
 Cast: Beastly Appendage ||     2
  Use: Potion            ||     1
 Stab: Sleeping          ||     7
Armor: Skin              ||     3
Dodge: Dodged            ||    25

Levels and vault maps discovered:
D:1:      kennysheep_arrival_seaside, layout_rooms,
          hangedman_abyss_or_decor_stabs, grunt_decor_fettered,
          hangedman_decor_points
D:2:      cheibrodos_old_hovel, layout_loops_ring, serial_forest,
          infiniplex_forest_clump_medium, infiniplex_forest_clump_small,
          infiniplex_forest_clump_curved, infiniplex_forest_zigzag_1,
          infiniplex_forest_straight_1, infiniplex_forest_straight_1,
          infiniplex_forest_lined_2, infiniplex_forest_clump_double,
          kennysheep_cross_room, minmay_pentomino_z4, uniq_jessica

Notes
Turn   | Place    | Note
-------+----------+-------------------------------------------
     0 | D:1      | zeratav the Octopode Transmuter began the quest for the
                  | Orb.
     0 | D:1      | Reached XP level 1. HP: 13/13 MP: 3/3
     0 | D:1      | magus.rc [v1.9.6]
   133 | D:1      | You pick up a book of Frost and begin reading...
   133 | D:1      | You add the spells Freeze, Frozen Ramparts and Hailstorm to
                  | your library.
   314 | D:1      | Reached XP level 2. HP: 18/18 MP: 3/5
   477 | D:1      | Reached skill level 3 in Transmutations
   632 | D:1      | You add the spells Ozocubu's Armour and Ozocubu's
                  | Refrigeration to your library.
   800 | D:1      | Reached XP level 3. HP: 23/23 MP: 6/6
  1202 | D:2      | HP: 3/23 [adder (4)]
  1203 | D:2      | HP: 1/23 [adder (2)]
  1204 | D:2      | Gained mutation: You have a pair of small antennae on your
                  | head. [potion of mutation]
  1204 | D:2      | Gained mutation: Your flesh is heat resistant. (rF+)
                  | [potion of mutation]
  1204 | D:2      | Succumbed to an adder's poison

Vanquished Creatures
  A dart slug (D:1)
  3 endoplasms (D:1)
  2 giant cockroaches
  3 goblins (D:1)
  A hobgoblin (D:1)
  3 kobolds
  A quokka (D:1)
  3 ball pythons (D:1)
  3 bats (D:1)
  3 frilled lizards (D:1)
  4 rats (D:1)
27 creatures vanquished.

Table legend:
 A = Non-vault XP
 B = Vault XP
 C = Vault XP percentage of total XP
 D = Non-vault monster count
 E = Vault monster count
 F = Vault count percentage of total count
                 A         B        C        D         E       F
            +---------+---------+-------+---------+---------+-------
      Total |      41 |       1 |   2.4 |      26 |       1 |   3.7
            +---------+---------+-------+---------+---------+-------
        D:1 |      39 |       0 |   0.0 |      25 |       0 |   0.0
        D:2 |       2 |       1 |  33.3 |       1 |       1 |  50.0
            +---------+---------+-------+---------+---------+-------

Illustrated notes

Table legend:
 A = Kills in this place as a percentage of kills in entire the game.
 B = Kills by you in this place as a percentage of kills by you in the entire game.
 C = Kills by friends in this place as a percentage of kills by friends in the entire game.
 D = Other kills in this place as a percentage of other kills in the entire game.
 E = Experience gained in this place as a percentage of experience gained in the entire game.
 F = Experience gained in this place divided by the number of levels of this place that you have seen.
                   A       B       C       D       E      F
               +-------+-------+-------+-------+-------+----------------------
         Total | 100.0 | 100.0 |   N/A |   N/A | 100.0 |  21.0
       Dungeon | 100.0 | 100.0 |   N/A |   N/A | 100.0 |  21.0
               +-------+-------+-------+-------+-------+----------------------

Table legend: (Time is in decaauts)
 A = Elapsed time spent in this place.
 B = Non-inter-level travel time spent in this place.
 C = Inter-level travel time spent in this place.
 D = Time resting spent in this place.
 E = Time spent auto-exploring this place.
 F = Levels seen in this place.
 G = Mean time per level.
                   A        B        C        D        E       F      G
               +--------+--------+--------+--------+--------+-----+--------+
         Total |   1202 |   1173 |     29 |      0 |   1013 |   2 |  601.0 |
       Dungeon |   1202 |   1173 |     29 |      0 |   1013 |   2 |  601.0 |
               +--------+--------+--------+--------+--------+-----+--------+

Top non-repeatable levels by time:
     D:1: 1181 daAuts
     D:2: 20 daAuts
